Map: Dusk Towers

Players

LiquidMaNa (MaNa) - Winner!

  • Race: Protoss Protoss
  • League: Master

MajeStic

  • Race: Protoss Protoss
  • League: Grandmaster

Event: DreamHack ZOWIE Open Leipzig

VOD

Have the link to the VOD?

Description

Time

  • Played on: Jan. 22, 2016, 9:27 a.m.
  • Length: 14:50

All games in this series

Show
View Real Time Build Order
Export as new Build Order

LiquidMaNa Protoss - Winner!

Build Orders: Nexus First, Oracle Opening 

Get SALT Encoding   

  12  0:00  Probe (Chrono Boost)  
  13  0:11  Probe (Chrono Boost)  
  14  0:18  Pylon  
  14  0:22  Probe (Chrono Boost)  
  15  0:36  Probe (Chrono Boost)  
  16  0:47  Probe (Chrono Boost)  
  17  0:57  Nexus  
  17  1:07  Gateway  
  17  1:09  Probe (Chrono Boost)  
  18  1:16  Assimilator  
  18  1:20  Probe (Chrono Boost)  
  19  1:27  Assimilator  
  19  1:30  Probe (Chrono Boost)  
  20  1:35  Gateway  
  20  1:41  Probe (Chrono Boost)  
  21  1:51  Probe (Chrono Boost)  
  22  1:54  Cybernetics Core  
  22  2:02  Probe (Chrono Boost)  
  23  2:12  Probe (Chrono Boost)  
  23  2:13  Probe (Chrono Boost)  
  25  2:23  Probe (Chrono Boost)  
  25  2:24  Probe (Chrono Boost)  
  27  2:30  Adept x2 (Chrono Boost), Pylon  
  27  2:33  Warp Gate  
  27  2:35  Probe  
  32  2:38  Probe  
  33  2:48  Mothership Core (Chrono Boost)  
  36  2:51  Probe (Chrono Boost)  
  36  2:55  Stargate  
  36  3:04  Probe (Chrono Boost)  
  37  3:06  Adept  
  37  3:08  Probe (Chrono Boost), Adept  
  42  3:16  Pylon  
  42  3:17  Probe (Chrono Boost)  
  42  3:18  Probe (Chrono Boost)  
  44  3:33  Probe (Chrono Boost)  
  44  3:34  Probe (Chrono Boost)  
  46  3:35  Assimilator  
  46  3:38  Oracle (Chrono Boost)  
  49  3:43  Probe, Pylon  
  49  3:45  Probe  
  51  3:53  Probe  
  52  3:57  Probe  
  52  4:00  Pylon  
  52  4:02  Pylon, Robotics Facility  
  53  4:04  Probe  
  53  4:09  Probe  
  55  4:14  Probe  
  56  4:19  Twilight Council  
  56  4:21  Probe  
  55  4:25  Probe  
  50  4:33  Probe  
  50  4:35  Probe  
  49  4:40  Assimilator  
  49  4:45  Stalker x2, Probe  
  52  4:46  Probe  
  52  4:49  Observer (Chrono Boost)  
  52  4:51  Nexus  
  56  4:53  Blink (Chrono Boost)  
  56  4:55  Pylon  
  56  4:58  Probe  
  56  4:59  Probe  
  58  5:06  Observer  
  58  5:10  Stalker, Probe  
  58  5:11  Probe  
  58  5:12  Stalker  
  63  5:22  Probe  
  63  5:23  Probe  
  63  5:27  Pylon  
  65  5:34  Probe  
  65  5:35  Stalker x2  
  69  5:36  Probe  
  69  5:39  Gateway  
  70  5:43  Gateway  
  70  5:46  Probe  
  70  5:48  Probe  
  72  5:58  Stalker  
  72  5:59  Stalker, Probe (Chrono Boost)  
  72  6:00  Probe (Chrono Boost)  
  78  6:04  Probe (Chrono Boost)  
  78  6:09  Forge  
  78  6:11  Gateway  
  80  6:12  Probe (Chrono Boost)  
  80  6:14  Probe (Chrono Boost)  
  80  6:15  Probe (Chrono Boost)  
  82  6:23  Stalker  
  82  6:24  Stalker  
  86  6:27  Protoss Ground Weapons Level 1  
  86  6:28  Gateway  
  86  6:30  Pylon  
  86  6:33  Pylon  
  86  6:37  Gateway  
  86  6:39  Gateway  
  86  6:40  Warp Prism (Chrono Boost)  
  86  6:45  Probe  
  86  6:46  Probe x2  
  91  6:48  Stalker  
  91  6:50  Stalker  
  95  7:02  Stalker x2  
  95  7:08  Templar Archives  
  99  7:10  Stalker  
  99  7:12  Stalker  
  103  7:20  Stalker  
  104  7:35  Stalker  
  104  7:36  Stalker x6  
  116  7:48  Pylon  
  116  7:50  Pylon  
  116  7:53  Pylon  
  116  8:08  Protoss Ground Weapons Level 2, Warp Prism (Chrono Boost)  
  106  8:15  Stalker x3  
  106  8:16  Stalker x5  
  107  8:40  Stalker x4  
  107  8:41  Stalker x4  
  109  8:57  Assimilator  
  109  9:01  Assimilator  
  107  9:04  Stalker x6  
  107  9:05  Gateway, Zealot  
  107  9:06  Gateway, Zealot  
  125  9:10  Pylon  
  121  9:28  Stalker x5  
  121  9:29  Zealot x3  
  125  9:50  Stalker x3  
  123  9:53  Stalker, Immortal (Chrono Boost)  
  115  10:05  Charge (Chrono Boost)  
  115  10:08  Stalker, Zealot  
  115  10:09  Zealot x2  
  123  10:15  Photon Cannon  
  123  10:17  Photon Cannon x2  
  123  10:19  Stalker x3  
  123  10:20  Stalker  
  131  10:28  Observer  
  131  10:30  Pylon  
  131  10:31  Pylon  
  132  10:36  Sentry  
  132  10:38  Zealot x3  
  132  10:40  Zealot  
  142  10:48  Observer  
  143  10:58  Nexus  
  143  11:00  Stalker x2  
  143  11:02  Stalker  
  149  11:05  Pylon  
  149  11:07  Stalker  
  150  11:24  Stalker x5  
  160  11:28  Stalker  
  162  11:44  Zealot x2  
  162  11:45  Zealot x2  
  162  11:46  Immortal  
  146  12:14  Stalker x6  
  152  12:20  Immortal  
  152  12:24  Oracle (Chrono Boost)  
  153  12:45  Robotics Facility  
  153  12:49  Robotics Bay  
  151  12:54  Immortal  
  151  13:01  Stalker x3  
  151  13:02  Stalker x2  
  144  13:20  Stalker x5  
  150  13:29  Immortal (Chrono Boost)  
  98  13:53  Stalker x8  
  108  13:58  Immortal (Chrono Boost)  
  108  14:07  Stalker x2  
  112  14:12  Pylon  
  112  14:14  Immortal (Chrono Boost)  
  114  14:21  Stalker x2  
  118  14:25  Stalker  
  118  14:26  Stalker  
  118  14:32  Stalker x2  
  120  14:39  Stalker x2  
Show
View Real Time Build Order
Export as new Build Order

MajeStic Protoss 

Build Orders: 1 Gate Expand, Phoenix Opening 

Get SALT Encoding   

  12  0:00  Probe (Chrono Boost)  
  13  0:11  Probe (Chrono Boost)  
  14  0:18  Pylon  
  14  0:21  Probe (Chrono Boost)  
  15  0:36  Probe (Chrono Boost), Gateway  
  15  0:42  Assimilator  
  16  0:47  Probe (Chrono Boost)  
  17  0:57  Probe (Chrono Boost)  
  18  1:08  Probe (Chrono Boost)  
  20  1:18  Probe (Chrono Boost)  
  20  1:23  Nexus  
  20  1:32  Cybernetics Core  
  20  1:34  Probe (Chrono Boost)  
  20  1:39  Assimilator  
  21  1:45  Probe (Chrono Boost)  
  22  1:49  Pylon  
  22  1:55  Probe (Chrono Boost)  
  23  2:07  Probe (Chrono Boost)  
  23  2:08  Adept (Chrono Boost), Warp Gate  
  26  2:18  Probe  
  26  2:22  Stargate  
  27  2:30  Probe  
  27  2:32  Adept (Chrono Boost)  
  27  2:33  Probe  
  31  2:43  Probe x2  
  33  2:54  Probe  
  33  2:55  Probe  
  35  3:04  Probe  
  35  3:05  Phoenix (Chrono Boost)  
  37  3:07  Mothership Core  
  37  3:08  Pylon  
  39  3:15  Probe, Pylon  
  40  3:25  Probe  
  40  3:27  Phoenix (Chrono Boost)  
  40  3:28  Probe  
  44  3:36  Probe  
  44  3:38  Gateway  
  44  3:40  Probe  
  46  3:47  Probe  
  47  3:49  Phoenix (Chrono Boost)  
  47  3:52  Probe  
  50  3:57  Probe  
  50  4:02  Nexus  
  51  4:04  Probe  
  51  4:05  Assimilator  
  51  4:08  Assimilator  
  52  4:16  Probe  
  49  4:17  Probe  
  49  4:26  Probe  
  49  4:29  Probe  
  49  4:30  Phoenix (Chrono Boost)  
  45  4:37  Probe  
  44  4:42  Probe  
  46  4:48  Probe  
  46  4:52  Twilight Council  
  47  4:54  Probe (Chrono Boost)  
  47  4:58  Stalker, Sentry  
  52  5:00  Probe (Chrono Boost)  
  52  5:05  Probe (Chrono Boost)  
  54  5:09  Phoenix  
  54  5:10  Probe (Chrono Boost)  
  57  5:16  Probe (Chrono Boost)  
  57  5:17  Probe (Chrono Boost)  
  60  5:21  Probe (Chrono Boost)  
  60  5:22  Sentry  
  60  5:26  Probe (Chrono Boost)  
  60  5:28  Probe (Chrono Boost)  
  64  5:31  Probe (Chrono Boost)  
  64  5:34  Blink (Chrono Boost)  
  65  5:37  Probe (Chrono Boost)  
  65  5:38  Probe (Chrono Boost)  
  65  5:39  Phoenix  
  65  5:42  Probe (Chrono Boost)  
  70  5:46  Pylon  
  70  5:47  Probe (Chrono Boost)  
  70  5:49  Probe (Chrono Boost)  
  72  5:50  Sentry  
  72  5:53  Probe (Chrono Boost)  
  72  5:54  Stalker  
  77  5:57  Pylon  
  77  5:59  Pylon  
  77  6:04  Probe x3 (Chrono Boost)  
  77  6:10  Gateway  
  80  6:16  Gateway  
  80  6:18  Gateway, Probe  
  80  6:19  Probe  
  80  6:20  Probe  
  83  6:27  Robotics Facility  
  83  6:31  Stalker  
  85  6:34  Stalker, Probe  
  85  6:36  Probe x2  
  90  6:46  Gateway x2  
  90  6:52  Probe  
  90  6:53  Probe, Assimilator  
  90  6:54  Probe  
  92  6:55  Pylon  
  92  6:57  Pylon, Assimilator  
  93  7:01  Gateway  
  93  7:08  Gateway, Probe  
  93  7:12  Stalker x2  
  93  7:13  Stalker  
  93  7:14  Observer (Chrono Boost)  
  101  7:20  Stalker  
  101  7:21  Stalker  
  103  7:33  Phoenix, Warp Prism (Chrono Boost)  
  105  7:38  Pylon  
  105  7:39  Stalker x3  
  105  7:40  Pylon  
  109  7:49  Pylon  
  109  7:51  Stalker x2, Pylon  
  113  8:09  Stalker  
  113  8:10  Stalker x5  
  109  8:16  Stalker  
  109  8:17  Stalker  
  111  8:25  Warp Prism (Chrono Boost)  
  101  8:37  Stalker x7  
  101  8:41  Sentry x2  
  107  9:00  Stalker x5  
  107  9:01  Stalker x2  
  121  9:03  Phoenix  
  123  9:12  Stalker x2  
  121  9:27  Stalker x2  
  121  9:28  Stalker x4  
  117  9:31  Stalker  
  117  9:38  Stalker x2  
  115  9:41  Forge  
  109  9:55  Stalker x4  
  109  9:57  Stalker x2  
  113  10:02  Stalker  
  113  10:03  Stalker  
  113  10:04  Sentry  
  113  10:05  Protoss Ground Weapons Level 1 (Chrono Boost)  
  117  10:13  Mothership Core  
  119  10:22  Stalker x4  
  127  10:31  Immortal (Chrono Boost)  
  127  10:34  Robotics Bay  
  131  10:47  Sentry  
  133  10:50  Pylon  
  133  10:51  Pylon  
  133  11:02  Nexus  
  133  11:03  Pylon  
  133  11:05  Robotics Facility  
  133  11:09  Immortal (Chrono Boost), Pylon  
  137  11:31  Stalker x3  
  137  11:32  Stalker  
  145  11:37  Stalker x4  
  145  11:38  Adept  
  149  11:43  Disruptor (Chrono Boost)  
  143  11:57  Stalker x3  
  142  12:02  Disruptor (Chrono Boost)  
  129  12:09  Stalker x3  
  129  12:14  Observer (Chrono Boost)  
  126  12:22  Stalker x3  
  132  12:32  Stalker x2  
  132  12:34  Disruptor (Chrono Boost)  
  142  12:46  Disruptor (Chrono Boost)  
  142  12:54  Stalker x2  
  142  12:55  Stalker x2  
  150  13:00  Stalker x2  
  138  13:29  Warp Prism (Chrono Boost)  
  138  13:32  Stalker x4  
  138  13:33  Stalker x2  
  102  13:53  Stalker  
  102  13:54  Stalker x2  
  98  14:02  Stalker  
  96  14:03  Stalker  
  96  14:06  Stalker  
  100  14:21  Stalker x3  
  100  14:22  Sentry  
  102  14:31  Stalker  
  102  14:35  Stalker  

Tags
 
Add a new tag
Caveats
  • Supply blocks, unpowered buildings, or Contaminate may cause inaccurate times.
  • Supply counts are checked every 10 seconds.